Map: Odyssey LE

Players

SpeCiaL - Winner!

  • Race: Terran Terran
  • Spawn Location: 5:00

Dayshi

  • Race: Terran Terran
  • Spawn Location: 11:00

Event: WCS Valencia 2017

VOD

Have the link to the VOD?

Description

Time

  • Played on: July 13, 2017, 12:58 p.m.
  • Length: 11:58

All games in this series

Show
View Real Time Build Order
Export as new Build Order

SpeCiaL Terran - Winner!

Build Orders: Liberator Opening, MMM Bio 

Get SALT Encoding   

  12  0:00  SCV  
  13  0:12  SCV  
  14  0:18  Supply Depot  
  14  0:24  SCV  
  14  0:28  Refinery  
  15  0:40  SCV  
  16  0:44  Barracks  
  16  0:52  SCV  
  17  1:04  SCV  
  18  1:16  SCV  
  19  1:32  Orbital Command  
  19  1:33  Reaper  
  20  1:45  Refinery  
  20  1:47  Supply Depot  
  20  1:50  Factory  
  20  1:58  SCV  
  21  2:07  Reaper  
  22  2:10  SCV  
  23  2:22  SCV  
  24  2:34  Hellion  
  24  2:35  SCV  
  27  2:37  Starport  
  26  2:45  Reaper  
  26  2:47  SCV  
  27  2:53  Supply Depot  
  27  2:56  Hellion  
  28  2:59  SCV  
  29  3:09  Liberator  
  29  3:11  SCV  
  29  3:20  Hellion  
  29  3:23  SCV  
  29  3:26  Marine  
  34  3:31  Supply Depot  
  34  3:35  SCV  
  35  3:43  Cyclone  
  35  3:47  SCV  
  39  3:59  SCV  
  39  4:02  Barracks Reactor  
  40  4:06  Command Center  
  40  4:11  SCV  
  40  4:14  Engineering Bay  
  40  4:16  Starport Tech Lab  
  41  4:23  SCV  
  42  4:24  Cyclone  
  45  4:36  SCV  
  45  4:37  Banshee  
  47  4:48  Marine x2  
  47  4:49  SCV  
  47  4:51  Supply Depot  
  47  4:52  Missile Turret  
  43  5:01  SCV  
  43  5:06  Marine x2  
  46  5:12  Missile Turret  
  46  5:13  Cyclone  
  49  5:16  Missile Turret  
  49  5:20  Orbital Command  
  49  5:25  Raven  
  49  5:26  SCV  
  50  5:29  Marine  
  50  5:34  Marine  
  49  5:38  SCV  
  49  5:45  Cyclone  
  49  5:48  Marine  
  49  5:50  SCV  
  49  5:51  SCV  
  49  5:52  Marine  
  52  6:03  SCV x2  
  51  6:06  Supply Depot  
  51  6:15  SCV x2  
  53  6:20  Barracks Tech Lab  
  53  6:27  SCV  
  53  6:28  Barracks  
  53  6:29  Factory Reactor  
  53  6:30  SCV  
  53  6:31  Barracks  
  53  6:32  Terran Infantry Weapons Level 1  
  55  6:39  SCV  
  56  6:40  Supply Depot  
  56  6:42  SCV  
  56  6:44  Marine  
  58  6:48  Stimpack  
  58  6:51  SCV  
  59  6:54  SCV  
  60  7:03  SCV  
  60  7:05  Marine, Refinery  
  60  7:06  SCV  
  63  7:15  SCV  
  63  7:16  Marine x2  
  63  7:21  SCV  
  66  7:27  SCV  
  66  7:29  Refinery  
  67  7:30  Supply Depot  
  67  7:31  Marine  
  67  7:33  Marine, Factory Tech Lab, Command Center  
  67  7:34  Starport Reactor  
  67  7:36  Marine  
  69  7:37  Marine  
  69  7:40  Marine  
  74  7:49  Marine  
  74  7:51  Marine  
  75  7:53  Siege Tank  
  75  7:54  Marine, Supply Depot  
  75  7:56  Marine  
  79  7:58  Marine  
  80  8:07  Marine  
  80  8:09  Marine  
  80  8:12  Medivac  
  84  8:15  Medivac  
  84  8:17  Marine  
  84  8:19  Barracks  
  87  8:20  Marine, Barracks  
  86  8:28  Marine  
  86  8:29  Marine  
  86  8:30  Marine  
  80  8:35  Marine  
  80  8:37  SCV x2  
  80  8:38  Marine  
  83  8:46  Orbital Command, Marine  
  83  8:47  Marine  
  85  8:49  Terran Infantry Armor Level 1  
  85  8:54  Siege Tank  
  88  9:00  Marine  
  88  9:02  Marine  
  89  9:07  Marine  
  89  9:11  Marine  
  89  9:16  Medivac  
  88  9:21  Marine  
  88  9:22  Marine  
  88  9:23  Marine  
  89  9:30  Barracks Reactor  
  89  9:32  Barracks  
  89  9:34  Marine  
  89  9:35  Marine  
  89  9:37  SCV  
  89  9:38  SCV  
  93  9:40  Marine  
  93  9:41  Marine  
  94  9:50  SCV x2, Medivac x2  
  98  9:56  Marine x3  
  100  10:02  Marine  
  100  10:04  Siege Tank, Orbital Command  
  102  10:07  Supply Depot  
  102  10:08  SCV x2  
  102  10:09  Marine  
  102  10:14  Marine x2  
  105  10:15  Combat Shields  
  105  10:16  Marine  
  105  10:20  Marine, SCV  
  104  10:25  Barracks Reactor  
  104  10:26  Marine  
  104  10:28  Marine x2  
  101  10:31  Marine  
  101  10:32  Marine  
  101  10:34  Marine, SCV x3  
  107  10:37  Marine  
  107  10:38  Siege Tank  
  107  10:40  Medivac x2  
  112  10:44  Marine  
  112  10:46  Marine x2, SCV x2  
  112  10:47  SCV  
  112  10:49  Marine  
  119  10:52  Marine  
  119  10:56  Marine x2  
  122  10:58  SCV  
  122  11:02  Marine  
  122  11:03  Marine  
  125  11:10  Marine  
  125  11:11  Medivac x2  
  130  11:14  Armory, Supply Depot x2  
  130  11:17  Marine x3  
  133  11:24  Engineering Bay  
  133  11:25  Marine  
  132  11:31  SCV x2  
  132  11:32  SCV  
  133  11:34  Sensor Tower  
  133  11:37  Marine  
  133  11:39  Marine x2  
Show
View Real Time Build Order
Export as new Build Order

Dayshi Terran 

Build Orders: MMM Bio, Banshee Rush 

Get SALT Encoding   

  12  0:00  SCV  
  13  0:13  SCV  
  14  0:18  Supply Depot  
  14  0:25  SCV  
  15  0:34  Refinery  
  16  0:45  Barracks  
  16  0:48  SCV  
  16  1:01  SCV  
  17  1:09  Barracks  
  17  1:13  SCV  
  18  1:21  Refinery  
  18  1:31  Reaper  
  19  1:35  Orbital Command  
  19  1:51  Supply Depot  
  19  1:56  Reaper  
  19  2:01  SCV  
  21  2:05  Reaper  
  22  2:16  Factory  
  22  2:21  SCV  
  23  2:28  Reaper  
  24  2:33  SCV  
  25  2:45  SCV  
  25  2:49  Reaper  
  25  2:57  SCV  
  26  3:02  Factory Tech Lab  
  26  3:03  Starport  
  25  3:09  SCV  
  23  3:30  SCV  
  24  3:34  Command Center  
  24  3:39  Cyclone  
  26  3:46  Cloaking Field  
  26  3:48  Banshee  
  29  3:54  Supply Depot  
  29  3:58  SCV  
  30  4:10  SCV  
  33  4:18  Cyclone  
  33  4:22  SCV  
  32  4:39  SCV, Banshee  
  34  4:57  SCV  
  34  4:58  Cyclone  
  38  5:08  Barracks Reactor, Barracks Tech Lab  
  38  5:13  SCV  
  39  5:19  Orbital Command  
  39  5:22  Viking  
  39  5:25  SCV  
  36  5:45  Marine x2  
  36  5:46  Stimpack  
  36  5:49  Marine  
  35  5:52  Orbital Command  
  35  5:54  SCV  
  31  6:05  Marine x2  
  31  6:06  Marine  
  31  6:07  SCV  
  35  6:11  Medivac  
  37  6:19  Siege Tank  
  37  6:21  SCV  
  41  6:26  Marine x3  
  41  6:30  SCV  
  42  6:33  SCV  
  43  6:41  Medivac  
  43  6:44  Marine x3, SCV  
  43  6:46  SCV  
  50  6:53  Engineering Bay  
  50  6:56  SCV  
  50  6:58  SCV  
  52  7:06  Supply Depot  
  52  7:09  Supply Depot  
  52  7:12  Siege Tank, Marine x2  
  54  7:23  Terran Infantry Weapons Level 1  
  54  7:24  Barracks  
  54  7:26  Marine, SCV x2  
  57  7:38  SCV x2  
  57  7:39  Marine x2  
  57  7:44  Marine, Medivac  
  62  7:57  Marine x2, SCV x2  
  65  8:01  Refinery  
  65  8:02  Marine, Combat Shields  
  66  8:12  SCV x2  
  68  8:14  Marine  
  68  8:15  Barracks Reactor  
  68  8:18  Marine  
  68  8:19  Marine  
  71  8:32  Marine  
  60  8:34  SCV x2  
  60  8:35  Marine  
  60  8:37  Marine  
  60  8:40  Medivac  
  65  8:46  SCV x2  
  67  8:50  Marine  
  68  8:58  SCV x2  
  68  9:00  Marine x3  
  73  9:03  Barracks  
  73  9:04  Barracks  
  73  9:07  Marine  
  73  9:08  Marine  
  73  9:09  Refinery  
  75  9:10  Medivac  
  72  9:23  Marine x3  
  66  9:25  Siege Tank, Marine  
  66  9:26  Marine  
  71  9:32  SCV x2  
  71  9:35  Terran Infantry Armor Level 1  
  73  9:40  Marine x2  
  75  9:49  Marine  
  76  10:00  Barracks Reactor x2  
  76  10:05  SCV x2, Supply Depot  
  76  10:06  Command Center  
  78  10:07  Siege Tank, Marine x4  
  85  10:18  Starport Reactor  
  85  10:21  SCV x2  
  86  10:24  Supply Depot  
  86  10:26  Supply Depot  
  84  10:32  Marine x3  
  84  10:33  Marine  
  87  10:38  Marine x3  
  85  10:42  Marine  
  85  10:47  Siege Tank  
  88  10:53  Marine  
  88  10:54  Marine x4  
  88  10:55  Medivac  
  85  11:00  Marine x2  
  85  11:09  Medivac, Armory  
  87  11:13  Marine x2  
  89  11:19  Siege Tank  
  91  11:27  Medivac  
  94  11:40  Marine  
Tags
 
Add a new tag
Caveats
  • Supply blocks, unpowered buildings, or Contaminate may cause inaccurate times.
  • Supply counts are checked every 10 seconds.